 Dungeon Crawl Stone Soup version 0.28-a0-1147-gc7b72d3202 (webtiles) character file.

Game seed: 14467300750280676023

43 BinkBink the Ruffian (level 3, -1/31 HPs)
             Began as a Ghoul Monk on Dec 14, 2021.
             Slain by a goblin (2 damage)
             ... led by Robin
             ... on level 2 of the Dungeon.
             The game lasted 00:01:54 (1099 turns).

BinkBink the Ruffian (Ghoul Monk)                   Turns: 1099, Time: 00:01:55

Health: -1/31      AC:  2    Str: 14    XL:     3   Next: 58%
Magic:  2/2        EV: 13    Int:  5    God:
Gold:   33         SH:  0    Dex: 13    Spells: 2/2 levels left

rFire   . . .      SeeInvis .     - Unarmed
rCold   + . .      Faith    .   (no shield)
rNeg    + + +      Spirit   .   a - +0 robe
rPois   ∞          Reflect  .   (no helmet)
rElec   .          Harm     .   (no cloak)
rCorr   .          Rampage  .   (no gloves)
Will    .....                   (no boots)
Stlth   ++........              (no amulet)
HPRegen 0.00/turn               (no ring)
MPRegen 0.08/turn               (no ring)

@: mighty, inhibited regen
A: claws 1, cold resistance 1, negative energy resistance 3, inhibited
regeneration, torment resistance 2
a: no special abilities


You were on level 2 of the Dungeon.
You visited 1 branch of the dungeon, and saw 2 of its levels.

You collected 33 gold pieces.

Inventory:

Armour
 a - a +0 robe (worn)
Potions
 c - a potion of resistance {unknown}


   Skills:
 - Level 3.2 Fighting
 + Level 1.4 Armour
 + Level 3.2 Dodging
 - Level 2.1 Stealth
 + Level 3.9 Unarmed Combat


You had 2 spell levels left.
You didn't know any spells.
Your spell library was empty.

Dungeon Overview and Level Annotations

Branches:
Dungeon (2/15)

Altars:

Shops:
D:1 =*?(   D:2 [

Annotations:
D:2 Robin


Innate Abilities, Weirdness & Mutations

You thrive by killing the living.
You are immune to poison.
You have sharp fingernails.
Your flesh is cold resistant. (rC+)
You are immune to negative energy. (rN+++)
You do not regenerate when monsters are visible.
You are immune to unholy pain and torment.


Message History

You closely miss the goblin. The goblin barely misses you.
A goblin comes into view. It is wielding a +0 club.
The goblin hits you with a +0 club.
You closely miss the goblin. The goblin hits you with a +0 club.
A goblin comes into view. It is wielding a +0 dagger.
The goblin barely misses you. The goblin closely misses you.
The goblin hits you with a +0 club.
Robin says, "Bow before me, strongest of all the hobgoblins!"
A goblin comes into view. It is wielding a +0 club.
The goblin shouts!
You scratch the goblin but do no damage.
The goblin misses you. The goblin closely misses you. x3
You scratch Robin but do no damage. The goblin misses you.
The goblin closely misses you. The goblin hits you with a +0 dagger.
You scratch Robin.
Robin is lightly wounded.
The goblin barely misses you. Robin throws the goblin at you!
The goblin closely misses you. x2; The goblin barely misses you.
Robin throws the goblin at you! The goblin misses you.
The goblin hits you with a +0 club.
You barely miss the goblin. The goblin closely misses you.
You scratch the goblin.
You kill the goblin!
You feel better. The goblin barely misses you. Robin throws the goblin at you!
The goblin hits you with a +0 club.
You closely miss the goblin. The goblin hits you with a +0 club.
* * * LOW HITPOINT WARNING * * *
Robin laughs in a distinctly smug fashion.
The goblin hits you with a +0 club.
* * * LOW HITPOINT WARNING * * *
You closely miss the goblin. The goblin hits you with a +0 club.
* * * LOW HITPOINT WARNING * * *
Robin hits you with a +0 club.
* * * LOW HITPOINT WARNING * * *
The goblin barely misses you.
Unknown command.
It was a potion of might.
You feel very mighty all of a sudden. The goblin barely misses you.
The goblin hits you with a +0 club.
You die... .....# ####......# #.........## #........... #...#..... ...... ....g.. ...... #gJg# ###...... #ggg#

.......#
#)#@#
.......#
#.#g#
.......#
#...#
.......#
###.#
.......#
##.#
.......#
#..#
.†.....#
#.##
.......#
#.#
.......#
#.#


You could see Robin, an endoplasm and 6 goblins.

Vanquished Creatures
  A dart slug (D:1)
  5 ball pythons
  4 bats
  2 endoplasms (D:1)
  A hobgoblin (D:1)
  3 jackals (D:1)
  4 quokkas
  4 frilled lizards (D:1)
  5 goblins
  5 kobolds (D:1)
  4 rats (D:1)
38 creatures vanquished.

Notes
Turn   | Place    | Note
-------+----------+-------------------------------------------
     0 | D:1      | BinkBink the Ghoul Monk began the quest for the Orb.
     0 | D:1      | Reached XP level 1. HP: 19/19 MP: 0/0
   178 | D:1      | Reached XP level 2. HP: 25/26 MP: 1/1
   290 | D:1      | Reached skill level 1 in Armour
   534 | D:1      | Reached XP level 3. HP: 28/31 MP: 2/2
   591 | D:1      | Found Maoga's Jewellery Shop.
   630 | D:1      | Found Noqe's Assorted Antiques.
   830 | D:1      | Found Xamun's Weapon Emporium.
   848 | D:1      | Found Olookk's Magic Scroll Emporium.
  1077 | D:2      | Found Hoal's Armour Boutique.
  1083 | D:2      | Noticed Robin
  1098 | D:2      | HP: 1/31 [Robin (2)]
  1099 | D:2      | Slain by a goblin

Illustrated notes

Levels and vault maps discovered:
D:1:      heliophobic_arrival_ceremonial_halls, layout_basic, serial_shops,
          nicolae_shop_stone, nicolae_shop_advertising_works
          [nicolae_subvault_shop_adworks], nicolae_shop_bloodbath_and_beyond,
          nicolae_shop_temple_entry_statues_fountains
D:2:      layout_basic, shapermc_ecumenical_altar_notcrosses, serial_shops,
          nicolae_shop_stone, shop_fountains, shop, uniq_robin

Skill      XL: |  1  2 |
---------------+-------+-----
Armour         | 1 |  1.4
Dodging        | 3 |  3.2
Fighting       | |  3.2
Stealth        | |  2.1
Unarmed Combat | |  3.9

Action                   || total
-------------------------++-------
Melee: Unarmed           ||    97
  Use: Potion            ||     1
 Stab: Sleeping          ||     5
Armor: Robe              ||    17
Dodge: Dodged            ||    79

Table legend: (Time is in decaauts)
 A = Elapsed time spent in this place.
 B = Non-inter-level travel time spent in this place.
 C = Inter-level travel time spent in this place.
 D = Time resting spent in this place.
 E = Time spent auto-exploring this place.
 F = Levels seen in this place.
 G = Mean time per level.
                   A        B        C        D        E       F      G
               +--------+--------+--------+--------+--------+-----+--------+
         Total |   1092 |   1046 |     46 |      0 |    838 |   2 |  546.0 |
       Dungeon |   1092 |   1046 |     46 |      0 |    838 |   2 |  546.0 |
               +--------+--------+--------+--------+--------+-----+--------+

Top non-repeatable levels by time:
     D:1: 937 daAuts
     D:2: 154 daAuts
